 Dungeon Crawl Stone Soup version 0.31-a0-931-g7b59d4eb97 (webtiles) character file.

Game seed: 1840028554625223546

360 Pixllover the Purveyor of Pain (level 6, -11/47 HPs)
             Began as a Hill Orc Necromancer on Oct 19, 2023.
             Was an Initiate of Kikubaaqudgha.
             Mangled by Blork the orc
             ... wielding a +0 flail
              (13 damage)
             ... on level 4 of the Dungeon.
             The game lasted 00:09:20 (3736 turns).

Pixllover the Purveyor of Pain (HONe)               Turns: 3736, Time: 00:09:22

Health: -11/47     AC:  2    Str: 11    XL:     6   Next: 65%
Magic:  5/11       EV: 12    Int: 17    God:    Kikubaaqudgha [......]
Gold:   142        SH:  0    Dex: 11    Spells: 8/12 levels left

rFire   . . .        i - +0 spear
rCold   . . .        (no shield)
rNeg    . . .        a - +0 robe
rPois   .            m - +0 hat
rElec   .            (no cloak)
rCorr   .            (no gloves)
SInv    .            (no boots)
Will    .....        (no amulet)
Stlth   ++           (no ring)
HPRegen 0.27/turn    (no ring)
MPRegen 0.12/turn

%: no passive effects
@: no status effects
A: no striking features
a: Renounce Religion


You were on level 4 of the Dungeon.
You worshipped Kikubaaqudgha.
Kikubaaqudgha was noncommittal.
You visited 2 branches of the dungeon, and saw 5 of its levels.

You collected 142 gold pieces.

Inventory:

Hand Weapons
 i - a +0 spear (weapon)
Armour
 a - a +0 robe (worn)
 m - a +0 hat (worn)
 p - +0 fire dragon scales
Jewellery
 j - a ring of flight
Scrolls
 d - 3 scrolls of fog {unknown}
 e - a scroll of fear {unknown}
 q - a scroll of blinking {unknown}
 t - a scroll of identify {unknown}
Potions
 b - 2 potions of magic
 c - a potion of attraction {unknown}
 f - a potion of might {unknown}
 g - 2 potions of enlightenment {unknown}
 h - 6 potions of curing {unknown}
 l - a potion of degeneration {unknown}
 n - a potion of haste {unknown}
 r - 2 potions of lignification {unknown}
 s - a potion of heal wounds {unknown}


   Skills:
 + Level 1.0 Fighting
 + Level 1.2 Polearms
 + Level 1.8 Dodging
 + Level 1.7 Stealth
 + Level 3.6 Spellcasting
 + Level 5.9 Necromancy


You had 8 spell levels left.
You knew the following spells:

 Your Spells              Type           Power      Damage    Failure   Level
a - Necrotise             Necr           92%        1d8       1%          1
b - Vampiric Draining     Necr           23%        2d7       4%          3

Your spell library contained the following spells:

 Spells                   Type           Power      Damage    Failure   Level
 Cigotuvi's Dreadful Rot  Necr/Pois/Air  18%        N/A       11%         2
 Animate Dead             Necr           23%        N/A       14%         4
 Apportation              Tloc           6%         N/A       17%         1
 Summon Small Mammal      Summ           12%        N/A       17%         1
 Agony                    Necr           23%        N/A       38%         5
 Ignite Poison            Fire/Tmut/Pois 3%         N/A       45%         3
 Ozocubu's Armour         Ice            3%         N/A       45%         3
 Freezing Cloud           Conj/Ice/Air   1%         6-21      99%         5
 Ozocubu's Refrigeration  Ice            1%         4d7       100%        7


Dungeon Overview and Level Annotations

Branches:
Dungeon (4/15)             Temple (1/1) D:4

Altars:
Ashenzari
Cheibriados
Elyvilon
Hepliaklqana
Kikubaaqudgha
Nemelex Xobeh
Qazlal
Ru
Trog
Vehumet
Wu Jian
Xom
Yredelemnul
Zin
The Shining One

Shops:
D:2 [

Annotations:
D:4 Blork the orc


Message History

Press: ? - help, Shift-Dir - straight line, f/p - orc
Aim: an orc, wielding a +0 hand axe (moderately wounded, chance to affect: 91%)
The orc writhes in agony.
Blork the orc gestures at you while chanting.
The magic dart hits you. The orc hits you with a +0 hand axe!
Casting: Necrotise (safe; 1% risk of failure)
Confirm with . or Enter, or press ? or * to list all spells.
Aiming: Necrotise (safe; 1% risk of failure)
Press: ? - help, Shift-Dir - straight line, f/p - orc
Aim: an orc, wielding a +0 hand axe (almost dead, chance to affect: 91%)
The orc writhes in agony.
You kill the orc!
Kikubaaqudgha accepts your kill.
The dead are walking!
Blork the orc barely misses you.
Blork the orc points at you and mumbles some strange words.
The puff of frost hits you.
The orc wizard gestures wildly while chanting.
The orc wizard flickers and vanishes!
Deactivating autopickup; reactivate with Ctrl-A.
Blork the orc points at you and mumbles some strange words.
The puff of flame hits you.
Your orc skeleton appears confused.
Blork the orc gestures at you while chanting.
The magic dart hits you!
* * * LOW HITPOINT WARNING * * *
As you read the scroll labelled CAUMPA ICUPIEL, it crumbles to dust.
Your body is wracked with pain!
* * * LOW HITPOINT WARNING * * *
Blork the orc convulses!
Something is bathed in an unholy light!
It was a scroll of torment.
Blork the orc barely misses you.
Casting: Necrotise (safe; 1% risk of failure)
Confirm with . or Enter, or press ? or * to list all spells.
Aiming: Necrotise (safe; 1% risk of failure)
Press: ? - help, Shift-Dir - straight line, f - Blork the orc
Aim: Blork the orc, wielding a +0 flail and wearing a +0 robe (heavily wounded, fast, ally target, chance to affect: 81%) Blork the orc writhes in agony.
Blork the orc hits you with a +0 flail.
* * * LOW HITPOINT WARNING * * *
Blork the orc hits you with a +0 flail!
You die...
Kikubaaqudgha rasps: "You have failed me!
Welcome... death!"

<......# #.#......#.##........
.#####.######.#.#.##.......##....
.# .........)#....##..#....... .#
#######.#....#.....#.##.... .#
#....#.#.##.......... .#
##...#......##.#....# .#
#.....##)>....#...## .#
#..##..Z...##....###
#..@o.#.##....##.... #####
#..##.#....##.^..### #...##
#........#.....#.#
#....###..##.##.#..##.#.#
##......................#
#....#######.###........#
##....## #.# ########## ##....##
#.# #......####.#


You could see Blork the orc (fast, ally target) and a friendly orc skeleton
(confused).

Vanquished Creatures
  A scorpion (D:3)
  2 hounds
  2 iguanas
  Natasha (thrice) (D:2)
  A gnoll (D:1)
  3 adders
  3 worms
  3 orcs
  7 bats
  6 endoplasms
  3 giant cockroaches
  5 goblins
  4 hobgoblins
  3 jackals (D:1)
  7 quokkas
  6 ball pythons
  2 frilled lizards (D:2)
  5 kobolds
  A rat (D:1)
67 creatures vanquished.

Vanquished Creatures (collateral kills)
  A dart slug (D:2)
  A giant cockroach (D:3)
  2 goblins
  A bat (D:2)
  A rat (D:2)
6 creatures vanquished.

Grand Total: 73 creatures vanquished

Notes
Turn   | Place    | Note
-------+----------+-------------------------------------------
     0 | D:1      | Pixllover the Hill Orc Necromancer began the quest for the
                  | Orb.
     0 | D:1      | Reached XP level 1. HP: 14/14 MP: 3/3
   179 | D:1      | Reached XP level 2. HP: 19/20 MP: 1/4
   530 | D:1      | Reached XP level 3. HP: 26/26 MP: 0/5
  1172 | D:2      | Found Ossaax's Armour Emporium.
  1325 | D:2      | Found a white marble altar of Elyvilon.
  1331 | D:2      | Noticed Natasha
  1346 | D:2      | Killed Natasha
  1347 | D:2      | Reached skill level 5 in Necromancy
  1347 | D:2      | Reached XP level 4. HP: 8/33 MP: 3/7
  1448 | D:2      | Found a faded altar of an unknown god.
  1471 | D:2      | Noticed Natasha
  1477 | D:2      | Killed Natasha
  1478 | D:2      | Reached XP level 5. HP: 35/38 MP: 3/9
  1497 | D:2      | Noticed Natasha
  1502 | D:2      | Killed Natasha
  2187 | D:3      | Learned a level 3 spell: Vampiric Draining
  2213 | D:3      | Reached XP level 6. HP: 37/46 MP: 5/11
  2417 | D:3      | Reached skill level 1 in Polearms
  3115 | D:4      | Found a bloodstained altar of Trog.
  3117 | D:4      | Found a broken altar of Ashenzari.
  3120 | D:4      | Found a shimmering altar of Xom.
  3121 | D:4      | Found a radiant altar of Vehumet.
  3291 | D:4      | Found a staircase to the Ecumenical Temple.
  3293 | D:4      | Noticed Blork the orc
  3304 | Temple   | Entered the Ecumenical Temple
  3337 | Temple   | Became a worshipper of Kikubaaqudgha
  3671 | D:4      | Reached skill level 1 in Fighting
  3736 | D:4      | HP: 2/47 [Blork the orc/+0 flail (6)]
  3736 | D:4      | Mangled by Blork the orc

Illustrated notes

Levels and vault maps discovered:
D:1:      minmay_arrival_radiant_lines, layout_basic
D:2:      layout_basic, hellmonk_ecumenical_altar_pennies_from_heaven,
          serial_shops, shop, basic_altar, uniq_natasha
D:3:      layout_loops_cross
D:4:      layout_loops_ring, minitemple, minmay_temple_entry_ruins,
          nicolae_figureground_sparkle, uniq_blork_the_orc
Temple:   bh_familiar_temple

Skill      XL: |  1  2  3  4  5  6 |
---------------+-------------------+-----
Spellcasting   | 2 3 |  3.6
Necromancy     | 5 |  5.9
Polearms       | 1 |  1.2
Fighting       | 1 |  1.0
Dodging        | |  1.8
Stealth        | |  1.7

Action                     |  1- 3 |  4- 6 || total
---------------------------+-------+-------++-------
  Melee: Unarmed           |     2 |       ||     2
         Spear             |    18 |    61 ||    79
   Cast: Necrotise         |    63 |    75 ||   138
    Use: Scroll            |       |     2 ||     2
 Armour: Robe              |    39 |    63 ||   102
  Dodge: Dodged            |    37 |    54 ||    91

Table legend: (Time is in decaauts)
 A = Elapsed time spent in this place.
 B = Non-inter-level travel time spent in this place.
 C = Inter-level travel time spent in this place.
 D = Time resting spent in this place.
 E = Time spent auto-exploring this place.
 F = Levels seen in this place.
 G = Mean time per level.
                   A        B        C        D        E       F      G
               +--------+--------+--------+--------+--------+-----+--------+
         Total |   3751 |   3642 |    109 |    517 |   2132 |   5 |  750.2 |
       Dungeon |   3659 |   3550 |    109 |    517 |   2103 |   4 |  914.8 |
        Temple |     92 |     92 |      0 |      0 |     29 |   1 |   92.0 |
               +--------+--------+--------+--------+--------+-----+--------+

Top non-repeatable levels by time:
     D:1: 1116 daAuts
     D:3: 1015 daAuts
     D:2: 935 daAuts
     D:4: 591 daAuts
  Temple: 92 daAuts
